 Dungeon Crawl Stone Soup version 0.17-a0-410-gb2cdbc8 (webtiles) character file.

912 Sixotanaka the Basher (level 8, -2/52 HPs)
             Began as a Human Necromancer on Apr 1, 2015.
             Was an Initiate of Kikubaaqudgha.
             Slain by a gnoll
             ... wielding a +0 whip of distortion
              (5 damage)
             ... on level 7 of the Dungeon.
             The game lasted 00:32:15 (9093 turns).

Sixotanaka the Basher (Human Necromancer)           Turns: 9093, Time: 00:32:15

Health: -2/52      AC: 11    Str: 12    XL:     8   Next: 30%
Magic:  7/11       EV: 10    Int: 15    God:    Kikubaaqudgha [......]
Gold:   212        SH:  0    Dex: 21    Spells: 4 memorised, 2 levels left

rFire  . . .     SeeInvis +     K - +0 flail
rCold  + . .     Clarity  .     H - +0 scale mail {MR+}
rNeg   . . .     SustAb   .     (no shield)
rPois  .         Gourm    .     w - +1 helmet
rElec  .         Spirit   .     r - +1 cloak
rCorr  .         Warding  .     z - +0 pair of gloves
rMut   .         Stasis   .     (no boots)
MR     ++...                    (no amulet)
Stlth  +.........               F - ring of Beubrou {rF+ Str+4 Dex+4}
                                o - ring of ice

@: very slightly contaminated, very resistant to hostile enchantments, very
unstealthy
A: see invisible, high mp 1, magic resistance 1
a: Renounce Religion


You were on level 7 of the Dungeon.
You worshipped Kikubaaqudgha.
Kikubaaqudgha was noncommittal.
You were not hungry.

You visited 2 branches of the dungeon, and saw 8 of its levels.
You also visited: Sewer.

You collected 212 gold pieces.


Innate Abilities, Weirdness & Mutations

You have supernaturally acute eyesight.
You have an increased reservoir of magic (+10% MP).
You are resistant to hostile enchantments.


   Skills:
 + Level 8.4 Maces & Flails
 - Level 2.0 Dodging
 - Level 2.0 Stealth
 - Level 2.0 Spellcasting
 - Level 5.0 Necromancy


You had 2 spell levels left.
You knew the following spells:

 Your Spells              Type           Power        Failure   Level  Hunger
a - Animate Skeleton      Necr           N/A          17%         1    #......
g - Regeneration          Chrm/Necr      #.........   95%         3    ###....
z - Pain                  Necr           ###.         17%         1    #......
X - Animate Dead          Necr           N/A          98%         4    #####..


Dungeon Overview and Level Annotations

Branches:
Dungeon (7/15)             Temple (1/1) D:6

Altars:
Ashenzari
Cheibriados
Dithmenos
Elyvilon
Fedhas
Gozag
Kikubaaqudgha
Makhleb
Nemelex Xobeh
Qazlal
Ru
Sif Muna
Trog
Vehumet
Xom
Zin
The Shining One

Annotations:
D:3 Shenaniganizer's ghost, average GrFE
D:4 meddlr's ghost, weakling DsGl
D:5 Pikel

Inventory:

Hand weapons
 b - a -1 blowgun
 K - a +0 flail (weapon)
Missiles
 f - 45 poisoned needles
 h - 8 tomahawks (quivered)
Armour
 i - a +0 robe
 r - a +1 cloak (worn)
 w - a +1 helmet (worn)
 z - a +0 pair of gloves (worn)
 H - a +0 scale mail of magic resistance (worn)
   (You found it on level 7 of the Dungeon)
Jewellery
 o - a ring of ice (left hand)
 s - an uncursed amulet of faith {!P}
 F - the ring of Beubrou (right hand) {rF+ Str+4 Dex+4}
   (You found it on level 6 of the Dungeon)

   [ring of protection from fire]

   It affects your strength (+4).
   It affects your dexterity (+4).
   It protects you from fire.
 J - an uncursed ring of fire {unknown}
Magical devices
 l - a wand of paralysis (6)
 q - a wand of magic darts (27)
Scrolls
 a - a scroll of fear {unknown}
 d - 2 scrolls of magic mapping
 g - a scroll of immolation {unknown}
 j - a scroll of enchant armour {unknown}
 m - a scroll of amnesia {unknown}
 n - 3 scrolls of remove curse {@r2}
 u - 2 scrolls of identify {@r1}
 v - 2 scrolls of recharging
 A - a scroll of acquirement {unknown}
 I - a scroll of brand weapon {unknown}
Potions
 k - 2 potions of agility
 p - 4 potions of haste {@q3}
 t - 4 potions of flight
 x - a potion of degeneration {unknown}
 B - 2 potions of heal wounds {@q2}
 C - 3 potions of curing {@q1}
 D - a potion of cancellation
 G - a potion of berserk rage {unknown}
Books
 e - a book of Necromancy
Comestibles
 c - 4 bread rations
 E - 4 fruits

#.# #############.###.###.# #.#
#.....................#
#.######.###########.###.#####
#.##.....###......)..# #.#
###.##.....#.g.........# #.#
#..........#.###.#####.# #.#
#..........#.# #.#####'###.#
#.......#..#g# #g#......##.#
#.......#..#.# #@#......'..#
#########..#.###.#......####
......>.......##.#......# #####
.#####.##..#..##.############...#
.# #.##..#...#.........#......#
.#####...........................
...........#.#.#................#
.#######.#.#.#.#.########.......#
.#.....#.....#.........##.###...#


You could see a gnoll.


Message History

Okay, then.
Casting: Pain The spell is very dangerous to cast!
Continue anyway?
Okay, then.
You start resting.
Casting: Pain
Aiming: Pain
Aim: a gnoll, wielding a whip of distortion (chance 81%)
You miscast Pain.
You are very lightly contaminated with residual magic.
You shiver with cold.
Casting: Pain
Aiming: Pain
Aim: a gnoll, wielding a whip of distortion (chance 81%)
The gnoll convulses in agony!
A gnoll comes into view.
Casting: Pain
Aiming: Pain
Aim: a gnoll, wielding a whip of distortion (lightly wounded, chance 81%)
You miscast Pain.
Strange energies run through your body.
The gnoll shouts!
Casting: Pain
Aiming: Pain
Aim: a gnoll, wielding a whip of distortion (lightly wounded, chance 81%)
The gnoll convulses in agony!
Casting: Pain
Aiming: Pain
Aim: a gnoll, wielding a whip of distortion (lightly wounded, chance 81%)
You miscast Pain.
Nothing appears to happen.
The gnoll barely misses you.
You sock the gnoll!
You kill the gnoll!
Kikubaaqudgha accepts your kill.
You hear an explosion! x3
You see here a gnoll corpse.
Casting: Pain You attempt to give life to the dead...
Before your eyes, flesh is ripped from the corpse!
The dead are walking!
The gnoll barely misses you.
You see here 4 chunks of flesh.
The gnoll closely misses you.
You swap places.
Your gnoll skeleton closely misses the gnoll.
The gnoll hits your gnoll skeleton with a whip of distortion!
Your gnoll skeleton hits the gnoll.
The gnoll hits your gnoll skeleton with a whip of distortion!
Your gnoll skeleton misses the gnoll.
The gnoll hits your gnoll skeleton but does no damage.
Space warps horribly around your gnoll skeleton!
Your gnoll skeleton is destroyed!
Casting: Animate Skeleton
Aiming: Pain
Aim: a gnoll, wielding a whip of distortion (moderately wounded, chance 81%)
The gnoll convulses in agony!
Casting: Pain
Aiming: Pain
Aim: a gnoll, wielding a whip of distortion (heavily wounded, chance 81%)
The gnoll convulses in agony!
The gnoll hits you with a whip of distortion.
* * * LOW HITPOINT WARNING * * *
Space warps horribly around you!
* * * LOW HITPOINT WARNING * * *
Casting: Pain
Aiming: Pain
Aim: a gnoll, wielding a whip of distortion (severely wounded, chance 81%)
The gnoll convulses in agony!
The gnoll hits you with a whip of distortion.
* * * LOW HITPOINT WARNING * * *
Space bends around you.
You die...
Kikubaaqudgha rasps: "You have failed me!
Welcome... death!"

Action                   |  1- 3 |  4- 6 |  7- 9 || total
-------------------------+-------+-------+-------++-------
Melee: Mace              |    26 |    45 |   125 ||   196
       Flail             |       |       |    10 ||    10
 Fire: Blowgun           |       |       |     3 ||     3
 Cast: Pain              |    77 |   127 |   104 ||   308
       Animate Skeleton  |    14 |    14 |     9 ||    37
       Regeneration      |     1 |     1 |     1 ||     3
       Animate Dead      |       |     1 |     1 ||     2
  Use: Scroll            |       |     7 |     6 ||    13
       Potion            |       |     6 |     1 ||     7
 Stab: Betrayed ally     |       |     1 |       ||     1
       Sleeping          |       |     1 |       ||     1
       Distracted        |       |       |     1 ||     1
  Eat: Chunk             |     5 |     9 |     1 ||    15
       Beef jerky        |       |     1 |     1 ||     2
       Meat ration       |       |     1 |     2 ||     3
       Royal jelly       |       |       |     1 ||     1

Vault maps used:
D:1:      saegor_arrival_simple_a, nemelex_xobeh_ov_fountains_minmay
D:2:      nicolae_ru_the_path_less_chosen, minmay_misc_feat_four_crosses,
          minmay_cupped
D:3:      led_sif_pool, nicolae_gozag_cash_rules_everything_around_me
D:4:      first_bread
D:5:      lemuel_crystal_altar, serial_bayou_lagoon_b, uniq_pikel, uniq_sigmund
D:6:      minmay_temple_entry_purple_smoke, gup_sewer_entry_glass
D:7:      evilmike_ruin_ashenzari, serial_shops, nicolae_shop_crystal
Temple:   water_room_temple_b_12
Sewer:    sewer_co_purgy_island

Notes
Turn   | Place    | Note
--------------------------------------------------------------
     0 | D:1      | Sixotanaka, the Human Necromancer, began the quest for the Orb.
     0 | D:1      | Reached XP level 1. HP: 13/13 MP: 3/3
    72 | D:1      | Found a sparkling altar of Nemelex Xobeh.
   123 | D:1      | Learned a level 1 spell: Animate Skeleton
   283 | D:1      | Reached skill level 1 in Maces & Flails
   357 | D:1      | Reached XP level 2. HP: 14/19 MP: 0/4
   683 | D:1      | Reached skill level 2 in Maces & Flails
   817 | D:1      | Reached XP level 3. HP: 18/24 MP: 0/5
   944 | D:1      | HP: 6/24 [jackal (1)]
  1221 | D:1      | Noticed an ice beast
  1347 | D:2      | HP: 6/24 [ooze (5)]
  1351 | D:2      | Fiveotanaka: where was vex for the last tourney btw
  1358 | D:2      | HP: 4/24 [giant cockroach (2)]
  1362 | D:2      | Sixotanaka: ice beast
  1362 | D:2      | Sixotanaka: d1
  1362 | D:1      | Sixotanaka: what even the fuck
  1362 | D:2      | Fiveotanaka: yum
  1366 | D:2      | Learned a level 3 spell: Regeneration
  1763 | D:2      | Reached skill level 3 in Maces & Flails
  1912 | D:2      | Reached XP level 4. HP: 28/30 MP: 3/6
  2574 | D:2      | Found a sacrificial altar of Ru.
  2781 | D:3      | Reached skill level 4 in Maces & Flails
  2781 | D:3      | Reached XP level 5. HP: 31/35 MP: 3/7
  3137 | D:3      | Noticed Shenaniganizer's ghost (average GrFE)
  3227 | D:3      | Found a deep blue altar of Sif Muna.
  3296 | D:3      | Found an opulent altar of Gozag.
  3601 | D:4      | Reached skill level 5 in Maces & Flails
  3670 | D:4      | Noticed an ogre
  4209 | D:3      | Reached XP level 6. HP: 32/41 MP: 4/8
  4267 | D:3      | HP: 9/41 [poisoned by a scorpion]
  4273 | D:3      | HP: 8/41 [poisoned by a scorpion]
  4281 | D:3      | HP: 7/41 [poisoned by a scorpion]
  4596 | D:4      | Learned a level 4 spell: Animate Dead
  4682 | D:4      | Noticed meddlr's ghost (weakling DsGl)
  4762 | D:4      | HP: 9/41 [scorpion (6)]
  4767 | D:4      | Sixotanaka: of course i have 6 haste potions and 3 agility potions
  4767 | D:4      | Sixotanaka: what else would i have
  4767 | D:4      | HP: 5/41 [poisoned by a scorpion]
  4767 | D:4      | HP: 2/41 [scorpion (3)]
  4768 | D:4      | Fiveotanaka: mutation
  4769 | D:4      | Reached skill level 6 in Maces & Flails
  4770 | D:4      | Gained mutation: You have an increased reservoir of magic (+10% MP). [potion of mutation]
  4770 | D:4      | Gained mutation: You have supernaturally acute eyesight. [potion of mutation]
  4770 | D:4      | Gained mutation: You are resistant to hostile enchantments. [potion of mutation]
  4773 | D:4      | Sixotanaka: sure
  4773 | D:4      | Sixotanaka: that too
  4773 | D:4      | Fiveotanaka: wow
  4827 | D:4      | Fiveotanaka: worth?
  5089 | D:5      | Entered Level 5 of the Dungeon
  5090 | D:5      | Sixotanaka: FUCK that floor
  5090 | D:5      | Sixotanaka: wow
  5120 | D:5      | Fiveotanaka: id say all worth it in the end
  5120 | D:5      | Fiveotanaka: you got 3+ muts
  5120 | D:5      | Sixotanaka: scorpions, ghosts, gsc ogre
  5132 | D:5      | Sixotanaka: second gsc ogre
  5132 | D:5      | Sixotanaka: and i'm only on d5
  5209 | D:5      | Fiveotanaka: be thankful they werent my ghosts
  5210 | D:5      | Fiveotanaka: they would fuck you up
  5210 | D:5      | Sixotanaka: can't be worse than fire elementalist
  5392 | D:5      | Noticed a slave
  5392 | D:5      | Noticed a slave
  5393 | D:5      | Noticed Pikel
  5393 | D:5      | Noticed a slave
  5587 | D:5      | Found a glowing silver altar of Zin.
  5681 | D:5      | Reached XP level 7. HP: 24/46 MP: 9/9
  6227 | D:6      | Sixotanaka: GET REKT
  6240 | D:6      | Fiveotanaka: hehe
  6254 | D:6      | Found a staircase to the Ecumenical Temple.
  6262 | D:6      | Fiveotanaka: no drain?
  6263 | Temple   | Entered the Ecumenical Temple
  6305 | Temple   | Became a worshipper of Kikubaaqudgha
  6359 | D:6      | HP: 8/46 [centaur (10)]
  6441 | D:6      | Sixotanaka: ?
  6504 | D:6      | Fiveotanaka: not going for it?
  6506 | D:6      | Sixotanaka: for what?
  6508 | D:6      | Fiveotanaka: portal
  6508 | D:6      | Sixotanaka: vamp draining?
  6615 | D:6      | Sixotanaka: not anymore
  6733 | D:6      | Found a glowing drain.
  6806 | Sewer    | Entered a sewer
  6888 | Sewer    | Reached skill level 5 in Necromancy
  7073 | Sewer    | Noticed Purgy
  7074 | Sewer    | Sixotanaka: why is purgy
  7074 | Sewer    | Sixotanaka: in every fucking drain now
  7074 | Sewer    | Fiveotanaka: shrug
  7167 | D:6      | Fiveotanaka: its his home i guess
  7212 | D:4      | Killed Purgy
  7212 | D:4      | Reached skill level 7 in Maces & Flails
  7462 | D:6      | Got a transparent lapis lazuli ring
  7463 | D:6      | Sixotanaka: this level is so empty
  7463 | D:6      | Sixotanaka: wtf
  7463 | D:6      | Identified the ring of Beubrou {rF+ Str+4 Dex+4} (You found it on level 6 of the Dungeon)
  7585 | D:5      | Sixotanaka: why WOULDN"T everything pop up
  7585 | D:5      | Sixotanaka: after i am running from an ogre
  7699 | D:4      | Fiveotanaka: well pikel is bad enough
  8462 | D:7      | Sixotanaka: of course the 4 stack is flight
  8462 | D:7      | Fiveotanaka: you already used a curing and a heal wounds
  8462 | D:7      | Sixotanaka: ya
  8462 | D:7      | Sixotanaka: i know
  8481 | D:7      | Found a shattered altar of Ashenzari.
  8507 | D:7      | Reached XP level 8. HP: 42/52 MP: 4/11
  8528 | D:7      | Sixotanaka: my hill orc
  8528 | D:7      | Sixotanaka: ascended with 11 rab
  8535 | D:7      | Fiveotanaka: rab?
  8545 | D:7      | Sixotanaka: restore abilities
  8558 | D:7      | Sixotanaka: fukkit i'm a fighter now
  8640 | D:7      | Fiveotanaka: better weapon required
  8772 | D:7      | Reached skill level 8 in Maces & Flails
  8773 | D:7      | Sixotanaka: of course
  8773 | D:7      | Sixotanaka: it's way better than necro tho
  9092 | D:7      | HP: 8/52 [gnoll/whip of distortion (15)]
  9093 | D:7      | HP: 3/52 [gnoll/whip of distortion (4)]
  9093 | D:7      | Slain by a gnoll

Vanquished Creatures
  Purgy (D:4)
  A centaur (D:6)
  A giant frog (D:7)
  3 scorpions
  2 crimson imps (D:7)
  A centaur skeleton (D:4)
  3 hounds
  An orc priest (D:7)
  2 worker ants (D:6)
  A giant frog skeleton (D:7)
  A quasit (D:5)
  A hound skeleton (D:4)
  A gnoll (D:7)
  8 adders
  2 giant mites
  2 worms
  An adder skeleton (D:4)
  2 oozes (D:2)
  4 orcs
  3 ball pythons (Sewer)
  A bat zombie (D:7)
  12 hobgoblins
  12 jackals
  4 quokkas
  7 bats
  13 giant cockroaches
  5 giant geckos
  11 giant newts
  6 goblins
  10 kobolds
  A kobold skeleton (D:2)
  11 rats
134 creatures vanquished.

Vanquished Creatures (collateral kills)
  An ooze (D:2)
  A giant cockroach (D:3)
  A kobold (D:1)
  A ball python (Sewer)
  2 goblins
  A rat (D:3)
7 creatures vanquished.

Vanquished Creatures (others)
  A hound skeleton (D:4)
  A scorpion zombie (D:4)
  3 adder skeletons
  3 bat skeletons (D:1)
  2 giant gecko skeletons (D:4)
  5 giant newt skeletons
  A giant spore (D:7)
  A gnoll skeleton (D:7)
  3 goblin skeletons
  5 hobgoblin skeletons
  2 jackal skeletons
  3 kobold skeletons
  An orc skeleton (D:5)
  A quokka skeleton (D:7)
  2 rat skeletons
34 creatures vanquished.

Grand Total: 175 creatures vanquished
